Description

good vs mmm bio

Build Order

Get SALT Encoding   

  12  0:00  Drone  
  13  0:12  Overlord  
  13  0:17  Drone  
  14  0:31  Drone x2  
  14  0:34  Drone  
  17  0:57  Hatchery, Drone  
  17  1:02  Drone  
  18  1:05  Extractor  
  17  1:17  Spawning Pool  
  16  1:19  Drone  
  16  1:24  Drone  
  18  1:28  Drone  
  19  1:38  Overlord  
  19  2:04  Queen, Zergling x4  
  23  2:08  Queen  
  23  2:09  Zergling x2  
  23  2:11  Drone  
  27  2:20  Drone  
  27  2:21  Drone  
  29  2:26  Roach Warren  
  28  2:31  Drone  
  28  2:34  Overlord  
  29  2:42  Overlord  
  27  3:06  Roach x5  
  27  3:12  Roach x2  
  41  3:14  Roach  
  41  3:19  Roach  
  45  3:22  Roach  
  47  3:28  Zergling x4  
  47  3:31  Ravager  
  50  3:34  Overlord  
  50  3:38  Zergling x2  
  51  3:56  Drone  
  51  3:57  Drone x6  
  51  4:12  Drone  
  51  4:13  Drone x3  
  46  4:17  Drone x3  
  46  4:21  Drone  
  49  4:24  Drone  
  49  4:30  Roach  
  48  4:34  Roach  
  48  4:36  Queen  
  48  4:37  Queen  
  50  4:40  Roach  
  50  4:45  Roach  
  54  4:51  Roach  
  56  4:57  Roach x2  
  60  5:05  Overlord  
  60  5:06  Overlord  
  52  5:17  Roach x4  
  57  5:22  Drone  
  57  5:27  Extractor  
  58  5:28  Drone  
  58  5:30  Drone  
  59  5:37  Hatchery  
  59  5:38  Queen x2  
  62  5:44  Ravager  
  62  5:46  Drone  
  62  5:47  Drone x3  
  62  5:48  Extractor  
  66  5:53  Drone x4  
  66  5:56  Roach x2  
  74  6:13  Overlord  
  74  6:17  Roach  
  76  6:21  Overlord  
  76  6:22  Overlord  
  76  6:32  Roach x4  
  84  6:33  Overlord  
  84  6:37  Extractor  
  83  6:41  Roach  
  83  6:42  Ravager  
  83  6:43  Ravager  
  83  6:46  Roach x2  
  91  6:52  Drone  
  91  6:53  Drone x3  
  95  6:54  Drone  
  95  6:59  Overlord  
  98  7:01  Roach x3  
  98  7:03  Roach  
  104  7:11  Overlord  
  104  7:16  Drone  
  104  7:17  Drone x4  
  104  7:19  Drone  
  104  7:21  Drone  
  111  7:29  Drone x2  
  113  7:31  Lair  
  113  7:32  Drone x2  
  113  7:33  Evolution Chamber  
  113  7:34  Evolution Chamber, Drone x2  
  113  7:37  Drone x3  
  118  7:47  Roach x5, Extractor  
  118  7:49  Extractor  
  126  7:51  Roach  
  126  7:53  Roach  
  126  7:54  Overlord  
  130  7:59  Overlord  
  130  8:00  Zerg Missile Weapons Level 1  
  130  8:01  Zerg Ground Armor Level 1  
  130  8:03  Overlord  
  130  8:15  Roach x3  
  130  8:16  Roach  
  138  8:20  Roach x4  
  138  8:21  Overlord  
  138  8:22  Overlord  
  138  8:24  Ravager  
  138  8:25  Ravager x2  
  138  8:26  Roach  
  151  8:32  Roach  
  153  8:34  Glial Reconstitution  
  153  8:42  Roach x5  
  153  8:46  Overlord  
  163  8:49  Overlord  
  163  8:51  Ravager x2  
  163  8:53  Roach  
  163  8:54  Roach  
  169  9:00  Infestation Pit  
  168  9:03  Queen  
  168  9:07  Roach x4  
  178  9:11  Spore Crawler  
  178  9:13  Roach x2  
  178  9:16  Ravager  
  182  9:18  Ravager  
  183  9:25  Overlord x2  
  183  9:45  Infestor x2  
  181  9:48  Queen x3  
  184  10:13  Roach  
  184  10:14  Roach x11  
  192  10:19  Roach x3  
  200  10:45  Spore Crawler  
  199  10:53  Spore Crawler  
  199  10:55  Ravager x2  
  200  11:07  Spore Crawler  
  200  11:08  Spore Crawler  
  170  11:22  Roach x20  
  192  11:33  Roach x2  
  192  11:49  Roach  
  192  11:50  Roach x5  
  190  11:54  Roach  
Spawning Tool Build Advisor. Get it on Overwolf

Analysis

good vs mmm bio

Go to:

Details

  • Created by: DarkHeartz
  • Published on: Nov 08, 2016
  • Modified on: Nov 08, 2016
  • Patch: Pre-3.8.0
Show
View Real Time Build Order
Export as new Build Order

Comments (0)

There are no comments. Be the first!

Create an account to comment!